| TOP OF THE 1ST |
|
Boston Red Sox batting - Pitching for Toronto Blue Jays : RHP Edward Saunders
|
|
Pitching: RHP Edward Saunders
|
|
|
Batting: RHB Alois Wollf
|
0-0: Swinging Strike 0-1: Swinging Strike 0-2: Foul Ball, location: 2F 0-2: Ball 1-2: Foul Ball, location: 2F 1-2: Ball 2-2: Strikes out swinging
|
|
Batting: RHB Cesar Breceda
|
0-0: Ball 1-0: Foul Ball, location: 2F 1-1: Foul Ball, location: 2F 1-2: Ball 2-2: SINGLE (Line Drive, 8RS, EV 91.9 MPH)
|
|
Batting: LHB Kevin McCormic Jr.
|
0-0: Called Strike 0-1: 2-RUN HOME RUN (Flyball, 8LXD, EV 101.2 MPH), Distance : 405 ft
|
|
Batting: RHB David Price Jr.
|
0-0: Ball 1-0: Ball 2-0: SINGLE (Groundball, 6M, EV 106.9 MPH) (infield hit)
|
|
Batting: LHB Jarrett Mordecai
|
0-0: Swinging Strike 0-1: Ball 1-1: Called Strike 1-2: Ball 2-2: Fly out, F7 (Flyball, 7, EV 98.1 MPH)
|
|
Batting: SHB Greg Shaw
|
0-0: Ground out 4-3 (Groundball, 4, EV 102.5 MPH)
|
| Top of the 1st over - 2 runs, 3 hits, 0 errors, 1 left on base; Boston 2 - Toronto 0 |
| BOTTOM OF THE 1ST |
|
Toronto Blue Jays batting - Pitching for Boston Red Sox : LHP Momosuke Sato
|
|
Pitching: LHP Momosuke Sato
|
|
|
Batting: RHB Donny Burnside
|
0-0: Foul Ball, location: 2F 0-1: Foul Ball, location: 2F 0-2: Strikes out swinging
|
|
Batting: RHB Danny Burnside
|
0-0: Ball 1-0: Called Strike 1-1: Swinging Strike 1-2: Ball 2-2: Strikes out looking
|
|
Batting: SHB Mark Rennie
|
0-0: Called Strike 0-1: Foul Ball, location: 2F 0-2: Ball 1-2: Foul Ball, location: 2F 1-2: Foul Ball, location: 2F 1-2: Fly out, F8 (Flyball, 8RXD, EV 80.0 MPH)
|
| Bottom of the 1st over - 0 runs, 0 hits, 0 errors, 0 left on base; Boston 2 - Toronto 0 |
| TOP OF THE 2ND |
|
Boston Red Sox batting - Pitching for Toronto Blue Jays : RHP Edward Saunders
|
|
Batting: LHB Shoichi Aso
|
0-0: Ground out 4-3 (Groundball, 4, EV 86.9 MPH)
|
|
Batting: RHB Nick Esteves
|
0-0: Ball 1-0: Foul Ball, location: 2F 1-1: Called Strike 1-2: Strikes out swinging
|
|
Batting: LHB Tim Fuller
|
0-0: Called Strike 0-1: Called Strike 0-2: Strikes out swinging
|
| Top of the 2nd over - 0 runs, 0 hits, 0 errors, 0 left on base; Boston 2 - Toronto 0 |
| BOTTOM OF THE 2ND |
|
Toronto Blue Jays batting - Pitching for Boston Red Sox : LHP Momosuke Sato
|
|
Batting: RHB Brock Van Gilder
|
0-0: Ball 1-0: Called Strike 1-1: SINGLE (Groundball, 56D, EV 105.0 MPH)
|
|
Batting: LHB Nate Dean
|
0-0: Called Strike 0-1: Ball 1-1: Called Strike 1-2: Ball 2-2: Strikes out swinging
|
|
Batting: RHB Kirk Arp
|
0-0: Called Strike 0-1: SINGLE (Groundball, 34D, EV 106.2 MPH) Brock Van Gilder to second Runner from 2nd tries for 3rd, SAFE, throw by RF made to third
|
|
Batting: LHB Michael Byrd
|
0-0: Ball 1-0: Grounds into double play, 6-4-3 (Groundball, 6, EV 107.5 MPH)
|
| Bottom of the 2nd over - 0 runs, 2 hits, 0 errors, 1 left on base; Boston 2 - Toronto 0 |
| TOP OF THE 3RD |
|
Boston Red Sox batting - Pitching for Toronto Blue Jays : RHP Edward Saunders
|
|
Batting: RHB Alois Wollf
|
0-0: Ball 1-0: Swinging Strike 1-1: Swinging Strike 1-2: Ball 2-2: Ball 3-2: Foul Ball, location: 2F 3-2: Ground out 4-3 (Groundball, 4, EV 84.4 MPH)
|
|
Batting: RHB Cesar Breceda
|
0-0: Ball 1-0: Ball 2-0: Called Strike 2-1: Swinging Strike 2-2: Ground out 5-3 (Groundball, 56S, EV 94.4 MPH)
|
|
Batting: LHB Kevin McCormic Jr.
|
0-0: Called Strike 0-1: Fly out, F7 (Flyball, 7, EV 88.8 MPH)
|
| Top of the 3rd over - 0 runs, 0 hits, 0 errors, 0 left on base; Boston 2 - Toronto 0 |
| BOTTOM OF THE 3RD |
|
Toronto Blue Jays batting - Pitching for Boston Red Sox : LHP Momosuke Sato
|
|
Batting: SHB Dylan Novakowski
|
0-0: Ball 1-0: Ball 2-0: Ball 3-0: Called Strike 3-1: Swinging Strike 3-2: Foul Ball, location: 2F 3-2: Foul Ball, location: 2F 3-2: Strikes out looking
|
|
Batting: SHB Spencer Jones
|
0-0: Swinging Strike 0-1: Fly out, F7 (Flyball, 78D, EV 84.4 MPH)
|
|
Batting: RHB Donny Burnside
|
0-0: Foul Ball, location: 2F 0-1: Ground out 6-3 (Groundball, 6, EV 87.5 MPH)
|
| Bottom of the 3rd over - 0 runs, 0 hits, 0 errors, 0 left on base; Boston 2 - Toronto 0 |
| TOP OF THE 4TH |
|
Boston Red Sox batting - Pitching for Toronto Blue Jays : RHP Edward Saunders
|
|
Batting: RHB David Price Jr.
|
0-0: Called Strike 0-1: Called Strike 0-2: Ball 1-2: Ground out 4-3 (Groundball, 4M, EV 84.4 MPH)
|
|
Batting: LHB Jarrett Mordecai
|
0-0: Swinging Strike 0-1: Called Strike 0-2: Strikes out swinging
|
|
Batting: SHB Greg Shaw
|
0-0: Foul Ball, location: 2F 0-1: Fly out, F5 (Popup, 5SF, EV 72.5 MPH)
|
| Top of the 4th over - 0 runs, 0 hits, 0 errors, 0 left on base; Boston 2 - Toronto 0 |
| BOTTOM OF THE 4TH |
|
Toronto Blue Jays batting - Pitching for Boston Red Sox : LHP Momosuke Sato
|
|
Batting: RHB Danny Burnside
|
0-0: Ball 1-0: Ball 2-0: Ball 3-0: Base on Balls
|
|
Batting: SHB Mark Rennie
|
0-0: Ball 1-0: Foul Ball, location: 2F 1-1: Called Strike 1-2: Strikes out swinging
|
|
Batting: RHB Brock Van Gilder
|
0-0: Called Strike Danny Burnside is caught stealing 2nd base 2-4 0-1: Ball 1-1: Reached on error, E6 (Groundball, 56, EV 102.5 MPH)
|
|
Batting: LHB Nate Dean
|
0-0: Ball 1-0: Ball 2-0: Called Strike 2-1: Foul Ball, location: 2F 2-2: Strikes out swinging
|
| Bottom of the 4th over - 0 runs, 0 hits, 1 error, 1 left on base; Boston 2 - Toronto 0 |
| TOP OF THE 5TH |
|
Boston Red Sox batting - Pitching for Toronto Blue Jays : RHP Edward Saunders
|
|
Batting: LHB Shoichi Aso
|
0-0: Swinging Strike 0-1: Ball 1-1: Foul Ball, location: 2F 1-2: Strikes out swinging
|
|
Batting: RHB Nick Esteves
|
0-0: Ball 1-0: Ball 2-0: SOLO HOME RUN (Line Drive, 78XD, EV 108.1 MPH), Distance : 426 ft
|
|
Batting: LHB Tim Fuller
|
0-0: Ball 1-0: Called Strike 1-1: Ground out 5-3 (Groundball, 56S, EV 88.1 MPH)
|
|
Batting: RHB Alois Wollf
|
0-0: Called Strike 0-1: Swinging Strike 0-2: Strikes out swinging
|
| Top of the 5th over - 1 run, 1 hit, 0 errors, 0 left on base; Boston 3 - Toronto 0 |
| BOTTOM OF THE 5TH |
|
Toronto Blue Jays batting - Pitching for Boston Red Sox : LHP Momosuke Sato
|
|
Batting: RHB Kirk Arp
|
0-0: Ball 1-0: Ball 2-0: SOLO HOME RUN (Flyball, 7D, EV 108.8 MPH), Distance : 400 ft
|
|
Batting: LHB Michael Byrd
|
0-0: Ball 1-0: Ball 2-0: Fly out, F8 (Flyball, 78S, EV 77.5 MPH)
|
|
Batting: SHB Dylan Novakowski
|
0-0: Ball 1-0: Ball 2-0: Fly out, F8 (Line Drive, 8LD, EV 86.9 MPH)
|
|
Batting: SHB Spencer Jones
|
0-0: Ground out 4-3 (Groundball, 4, EV 87.5 MPH)
|
| Bottom of the 5th over - 1 run, 1 hit, 0 errors, 0 left on base; Boston 3 - Toronto 1 |
| TOP OF THE 6TH |
|
Boston Red Sox batting - Pitching for Toronto Blue Jays : RHP Edward Saunders
|
|
Batting: RHB Cesar Breceda
|
0-0: Foul Ball, location: 2F 0-1: Ball 1-1: SOLO HOME RUN (Flyball, 89XD, EV 108.1 MPH), Distance : 405 ft
|
|
Batting: LHB Kevin McCormic Jr.
|
0-0: Ball 1-0: Ball 2-0: Foul Ball, location: 2F 2-1: Ball 3-1: Base on Balls
|
|
Batting: RHB David Price Jr.
|
0-0: Ball 1-0: Ball 2-0: Foul Ball, location: 2F 2-1: Foul Ball, location: 2F 2-2: Fly out, F7 (Flyball, 7LM, EV 91.9 MPH)
|
|
Batting: LHB Jarrett Mordecai
|
0-0: Ball 1-0: Foul Ball, location: 2F 1-1: Called Strike 1-2: Ball 2-2: Fly out, F8 (Flyball, 8LXD, EV 97.5 MPH)
|
|
Batting: SHB Greg Shaw
|
0-0: Called Strike 0-1: Called Strike 0-2: SINGLE (Line Drive, 8RS, EV 112.5 MPH) Kevin McCormic Jr. to second
|
|
Batting: LHB Shoichi Aso
|
0-0: Ball 1-0: Called Strike 1-1: Called Strike 1-2: Ball 2-2: Foul Ball, location: 2F 2-2: Ball 3-2: Foul Ball, location: 2F 3-2: Base on Balls Kevin McCormic Jr. to third Greg Shaw to second
|
|
Batting: RHB Nick Esteves
|
0-0: Called Strike 0-1: Ball 1-1: GRAND SLAM HOME RUN (Flyball, 78XD, EV 102.5 MPH), Distance : 399 ft
|
|
Pitching: RHP Aaron Linkous
|
|
|
Batting: LHB Tim Fuller
|
0-0: Ball 1-0: Foul Ball, location: 2F 1-1: Swinging Strike 1-2: Strikes out swinging
|
| Top of the 6th over - 5 runs, 3 hits, 0 errors, 0 left on base; Boston 8 - Toronto 1 |
| BOTTOM OF THE 6TH |
|
Toronto Blue Jays batting - Pitching for Boston Red Sox : LHP Momosuke Sato
|
|
Batting: RHB Donny Burnside
|
0-0: Ball 1-0: Ball 2-0: Foul Ball, location: 2F 2-1: Foul Ball, location: 2F 2-2: Foul Ball, location: 2F 2-2: Strikes out swinging
|
|
Batting: RHB Danny Burnside
|
0-0: Ball 1-0: Swinging Strike 1-1: Foul Ball, location: 2F 1-2: Strikes out swinging
|
|
Batting: SHB Mark Rennie
|
0-0: Ball 1-0: Ball 2-0: Ball 3-0: Base on Balls
|
|
Batting: RHB Brock Van Gilder
|
0-0: Called Strike 0-1: Ball 1-1: Ball 2-1: Ball 3-1: Base on Balls Mark Rennie to second
|
|
Batting: LHB Nate Dean
|
0-0: Ball 1-0: SINGLE (Groundball, 6S, EV 70.0 MPH) (infield hit) Mark Rennie to third Brock Van Gilder to second
|
|
Pitching: LHP Adam Schneidewind
|
|
|
Batting: RHB Kirk Arp
|
0-0: Called Strike 0-1: Called Strike 0-2: Strikes out swinging
|
| Bottom of the 6th over - 0 runs, 1 hit, 0 errors, 3 left on base; Boston 8 - Toronto 1 |
| TOP OF THE 7TH |
|
Boston Red Sox batting - Pitching for Toronto Blue Jays : RHP Aaron Linkous
|
|
Pinch Hitting: SHB Ben Ervin
|
0-0: Ball 1-0: Foul Ball, location: 2F 1-1: DOUBLE (Line Drive, 8LXD, EV 103.8 MPH)
|
|
Batting: RHB Cesar Breceda
|
0-0: Foul Ball, location: 2F 0-1: DOUBLE (Line Drive, 9LS, EV 93.8 MPH) Ben Ervin scores
|
|
Batting: LHB Kevin McCormic Jr.
|
0-0: Called Strike 0-1: Ball 1-1: Called Strike 1-2: Foul Ball, location: 2F 1-2: Ball 2-2: Ball 3-2: Base on Balls
|
|
Batting: RHB David Price Jr.
|
0-0: Ball 1-0: Called Strike 1-1: Foul Ball, location: 2F 1-2: Foul Ball, location: 2F 1-2: Grounds into double play, 4-6-3 (Groundball, 4S, EV 85.0 MPH) Cesar Breceda to third
|
|
Batting: LHB Jarrett Mordecai
|
0-0: Called Strike 0-1: Ball 1-1: Foul Ball, location: 2F 1-2: Foul Ball, location: 2F 1-2: Ball Wild Pitch! Cesar Breceda scores 2-2: Foul Ball, location: 2F 2-2: Foul Ball, location: 2F 2-2: Ball 3-2: Base on Balls
|
|
Pitching: LHP Tim Franco
|
|
|
Batting: SHB Greg Shaw
|
0-0: Ball 1-0: Called Strike 1-1: Ball 2-1: Swinging Strike 2-2: Strikes out looking
|
| Top of the 7th over - 2 runs, 2 hits, 0 errors, 1 left on base; Boston 10 - Toronto 1 |
| BOTTOM OF THE 7TH |
|
Toronto Blue Jays batting - Pitching for Boston Red Sox : LHP Adam Schneidewind
|
|
Now at 2B: Ben Ervin
|
|
|
Now at SS: Tim Fuller
|
|
|
Batting: LHB Michael Byrd
|
0-0: Ball 1-0: SINGLE (Groundball, 56D, EV 102.5 MPH)
|
|
Batting: SHB Dylan Novakowski
|
0-0: Called Strike 0-1: Called Strike Michael Byrd steals 2nd base (no throw) 0-2: Strikes out swinging
|
|
Batting: SHB Spencer Jones
|
0-0: Ground out 4-3 (Groundball, 4M, EV 81.2 MPH) Michael Byrd to third
|
|
Batting: RHB Donny Burnside
|
0-0: Ball 1-0: Ground out 5-3 (Groundball, 56S, EV 92.5 MPH)
|
| Bottom of the 7th over - 0 runs, 1 hit, 0 errors, 1 left on base; Boston 10 - Toronto 1 |
| TOP OF THE 8TH |
|
Boston Red Sox batting - Pitching for Toronto Blue Jays : LHP Tim Franco
|
|
Batting: LHB Shoichi Aso
|
0-0: Called Strike 0-1: Swinging Strike 0-2: Strikes out looking
|
|
Batting: RHB Nick Esteves
|
0-0: Called Strike 0-1: Fly out, F9 (Flyball, 9D, EV 85.6 MPH)
|
|
Batting: LHB Tim Fuller
|
0-0: Ball 1-0: Ball 2-0: Ball 3-0: Called Strike 3-1: Fly out, F2 (Popup, 25F, EV 79.4 MPH)
|
| Top of the 8th over - 0 runs, 0 hits, 0 errors, 0 left on base; Boston 10 - Toronto 1 |
| BOTTOM OF THE 8TH |
|
Toronto Blue Jays batting - Pitching for Boston Red Sox : LHP Adam Schneidewind
|
|
Batting: RHB Danny Burnside
|
0-0: Called Strike 0-1: Ball 1-1: Ground out 6-3 (Groundball, 6, EV 91.9 MPH)
|
|
Batting: SHB Mark Rennie
|
0-0: SINGLE (Line Drive, 7LS, EV 109.4 MPH)
|
|
Batting: RHB Brock Van Gilder
|
0-0: Called Strike 0-1: Swinging Strike 0-2: Fly out, F8 (Line Drive, 8LM, EV 86.9 MPH)
|
|
Batting: LHB Nate Dean
|
0-0: SINGLE (Groundball, 5D, EV 109.4 MPH) Mark Rennie to second Runner from 2nd tries for 3rd, SAFE, no throw by LF
|
|
Batting: RHB Kirk Arp
|
0-0: Swinging Strike 0-1: Swinging Strike 0-2: Ball 1-2: Fielders Choice at 2nd, 5-4 (Groundball, 56, EV 109.4 MPH)
|
| Bottom of the 8th over - 0 runs, 2 hits, 0 errors, 2 left on base; Boston 10 - Toronto 1 |
| TOP OF THE 9TH |
|
Boston Red Sox batting - Pitching for Toronto Blue Jays : LHP Tim Franco
|
|
Batting: SHB Ben Ervin
|
0-0: Called Strike 0-1: Foul Ball, location: 2F 0-2: Ball 1-2: Strikes out looking
|
|
Batting: RHB Cesar Breceda
|
0-0: Ball 1-0: Ball 2-0: Ball 3-0: Called Strike 3-1: SINGLE (Groundball, 6D, EV 101.9 MPH)
|
|
Batting: LHB Kevin McCormic Jr.
|
0-0: Grounds into double play, 3-6-3 (Groundball, 13, EV 80.0 MPH)
|
| Top of the 9th over - 0 runs, 1 hit, 0 errors, 0 left on base; Boston 10 - Toronto 1 |
| BOTTOM OF THE 9TH |
|
Toronto Blue Jays batting - Pitching for Boston Red Sox : LHP Adam Schneidewind
|
|
Batting: LHB Michael Byrd
|
0-0: Called Strike 0-1: Foul Ball, location: 2F 0-2: Ball 1-2: Ball 2-2: Strikes out looking
|
|
Batting: SHB Dylan Novakowski
|
0-0: Ball 1-0: Foul Ball, location: 2F 1-1: Called Strike 1-2: Strikes out swinging
|
|
Batting: SHB Spencer Jones
|
0-0: Foul Ball, location: 2F 0-1: Ball 1-1: Ground out 6-3 (Groundball, 6S, EV 63.1 MPH)
|
| Bottom of the 9th over - 0 runs, 0 hits, 0 errors, 0 left on base; Boston 10 - Toronto 1 |
|